 Dungeon Crawl Stone Soup version 0.22.1-2-g9c5b331 (webtiles) character file.

3673 Lilu the Destroyer (level 9, -6/45 HPs)
             Began as a Deep Elf Conjurer on Nov 15, 2018.
             Was a Follower of Vehumet.
             Mangled by a killer bee (7 damage)
             ... on level 9 of the Dungeon.
             The game lasted 00:23:09 (9371 turns).

Lilu the Destroyer (Deep Elf Conjurer)              Turns: 9371, Time: 00:23:10

Health: -6/45      AC:  3    Str:  5    XL:     9   Next: 89%
Magic:  30/35      EV: 13    Int: 24    God:    Vehumet [*.....]
Gold:   327        SH:  0    Dex: 15    Spells: 23/30 levels left

rFire    . . .     SeeInvis .   L - -1 spear (curse)
rCold    . . .     Gourm    .   (no shield)
rNeg     . . .     Faith    .   A - +0 robe (curse)
rPois    .         Spirit   .   (no helmet)
rElec    .         Reflect  .   (no cloak)
rCorr    .         Harm     .   T - +0 pair of gloves
MR       .....                  (no boots)
Stlth    ++........             y - amulet of the acrobat
HPRegen  0.15/turn              n - -3 ring of evasion (curse)
MPRegen  0.24/turn              q - ring of magical power

@: no status effects
A: no striking features
a: Renounce Religion


You were on level 9 of the Dungeon.
You worshipped Vehumet.
Vehumet was aware of your devotion.
You were very hungry.

You visited 2 branches of the dungeon, and saw 10 of its levels.

You collected 327 gold pieces.

Inventory:

Hand Weapons
 L - a cursed -1 spear (weapon)
 M - a +0 spear of piercing
Missiles
 b - 103 arrows
 d - 355 stones (quivered)
 e - 7 tomahawks
 l - 59 poisoned needles
 t - 58 bolts
 w - 74 sling bullets
 B - 8 curare-tipped needles
 W - 4 steel tomahawks
Armour
 a - a +0 robe
 r - a cursed -2 ring mail
 s - a +0 leather armour
 x - a +1 chain mail of magic resistance
 A - a cursed +0 robe (worn)
 I - a +0 chain mail of cold resistance
 T - a +0 pair of gloves (worn)
 X - a +2 leather armour of fire resistance
Magical Staves
 O - an uncursed staff of cold {unknown}
 U - an uncursed staff of air {unknown}
Jewellery
 n - a cursed -3 ring of evasion (left hand)
 q - a ring of magical power (right hand)
 y - an amulet of the acrobat (around neck)
 E - a +2 amulet of reflection {unknown}
 Y - an uncursed ring of resist corrosion {unknown}
Wands
 D - a wand of scattershot (8)
 F - a wand of iceblast (10)
Scrolls
 f - 3 scrolls of fog
 g - 2 scrolls of immolation
 i - 2 scrolls of magic mapping
 k - 3 scrolls of random uselessness
 m - a scroll of blinking {unknown}
 p - 4 scrolls of teleportation
 u - 6 scrolls of enchant armour
 v - 5 scrolls of amnesia
 z - a scroll of silence {unknown}
 C - a scroll of remove curse {unknown}
 H - a scroll of noise {unknown}
 N - 3 scrolls of identify
 R - a scroll of brand weapon {unknown}
Potions
 h - 2 potions of degeneration {unknown}
 j - a potion of brilliance {unknown}
 o - 3 potions of curing
 G - 2 potions of flight {unknown}
 J - a potion of magic {unknown}
 K - a potion of cancellation {unknown}
 P - a potion of heal wounds {unknown}
 Q - 2 potions of resistance {unknown}
 S - a potion of might {unknown}
 V - a potion of haste {unknown}
Comestibles
 c - 11 rations


   Skills:
 + Level 6.2 Dodging
 - Level 2.4 Stealth
 + Level 11.1 Spellcasting
 - Level 12.0 Conjurations


You had 23 spell levels left.
You knew the following spells:

 Your Spells              Type           Power        Failure   Level  Hunger
a - Magic Dart            Conj           ####         1%          1    None
b - Searing Ray           Conj           ######       1%          2    None
c - Iskenderun's Mystic   Conj           ######..     1%          4    None

Your spell library contained the following spells:

 Spells                   Type           Power        Failure   Level  Hunger
 Sting                    Conj/Pois      ####         1%          1    None
 Dazzling Spray           Conj/Hex       #####.       1%          3    None
 Animate Skeleton         Necr           N/A          4%          1    None
 Pain                     Necr           ##..         4%          1    None
 Force Lance              Conj/Tloc      #####...     4%          4    None
 Fulminant Prism          Conj/Hex       #####.....   4%          4    None
 Regeneration             Chrm/Necr      ##........   14%         3    None
 Vampiric Draining        Necr           ##........   14%         3    None
 Animate Dead             Necr           N/A          43%         4    None


Dungeon Overview and Level Annotations

Branches:
Dungeon (9/15)             Temple (1/1) D:7
   Lair: D:8-11         Orc: D:9-12

Altars:
Ashenzari
Cheibriados
Dithmenos
Elyvilon
Fedhas
Gozag
Hepliaklqana
Kikubaaqudgha
Makhleb
Okawaru
Qazlal
Ru
Sif Muna
Trog
Uskayaw
Vehumet
Wu Jian
Xom
Yredelemnul
Zin
The Shining One

Shops:
D:5 (   D:7 [


Message History

Aiming: Searing Ray (safe; 1% risk of failure)
Press: ? - help, Shift-Dir - straight line, f/p - killer bee
Aim: a killer bee (severely wounded)
The searing ray misses the killer bee. (Press . to maintain the ray.)
The killer bee barely misses you. The killer bee stings you.
You are more poisoned.
The killer bee poisons you! The killer bee stings you!
You are lethally poisoned!
The killer bee poisons you! The killer bee stings you.
* * * LOW HITPOINT WARNING * * *
You feel better. The killer bee barely misses you. The killer bee stings you.
* * * LOW HITPOINT WARNING * * *
The killer bee stings you but does no damage.
The killer bee stings you!
* * * LOW HITPOINT WARNING * * *
You feel better. The killer bee stings you.
* * * LOW HITPOINT WARNING * * *
The killer bee stings you!
You die...

##### #...#
##...#############
.................#
..).).......####.#
....##..###.# #.#
.....)..# #.# #.#
#.#.#..####.####y#
#.#.#.<.......†y@#
#.#.#.#####.######
..............#
###########.#.#
..#.# y## # yy ..
...


You could see 2 killer bees.

Vanquished Creatures
  A hippogriff (D:7)
  A human (D:8)
  A wyvern (D:8)
  A hungry ghost (D:8)
  A black bear (D:6)
  2 ice beasts (D:6)
  A sky beast (D:6)
  An orc warrior (D:8)
  A phantom (D:6)
  3 ogres
  2 big kobolds (D:7)
  2 bullfrogs
  18 killer bees (D:9)
  2 scorpions
  A howler monkey (D:4)
  5 crimson imps
  2 hounds
  A jelly (D:8)
  2 orc priests
  A bullfrog skeleton (D:8)
  A gnoll shaman (D:6)
  4 iguanas
  2 orc wizards
  5 worker ants
  A hound skeleton (D:6)
  A howler monkey zombie (D:6)
  3 gnolls (D:6)
  19 adders
  2 shadow imps
  2 oozes
  An adder zombie (D:6)
  2 worms
  2 dart slugs
  5 leopard geckos
  32 orcs
  11 giant cockroaches
  9 goblins
  6 hobgoblins
  25 jackals
  A quokka (D:3)
  A ball python (D:3)
  6 bats
  5 frilled lizards
  A giant cockroach zombie (D:5)
  13 kobolds
  A leopard gecko zombie (D:7)
  5 rats
215 creatures vanquished.

Notes
Turn   | Place    | Note
-------+----------+-------------------------------------------
     0 | D:1      | Lilu the Deep Elf Conjurer began the quest for the Orb.
     0 | D:1      | Reached XP level 1. HP: 10/10 MP: 6/6
   218 | D:1      | Reached XP level 2. HP: 15/15 MP: 5/8
   222 | D:1      | Learned a level 2 spell: Searing Ray
   559 | D:1      | Reached skill level 5 in Conjurations
   896 | D:1      | Reached XP level 3. HP: 19/19 MP: 6/10
  1798 | D:2      | Reached XP level 4. HP: 24/24 MP: 12/12
  1804 | D:2      | Learned a level 4 spell: Iskenderun's Mystic Blast
  2272 | D:2      | Found an iron altar of Okawaru.
  2454 | D:3      | Reached skill level 6 in Conjurations
  2543 | D:3      | Found a faded altar of an unknown god.
  2658 | D:3      | Reached XP level 5. HP: 25/28 MP: 13/13
  3315 | D:3      | Reached skill level 5 in Spellcasting
  3621 | D:4      | Reached skill level 7 in Conjurations
  3742 | D:4      | Reached XP level 6. HP: 32/32 MP: 14/16
  4035 | D:4      | Found a glowing silver altar of Zin.
  4599 | D:5      | Entered Level 5 of the Dungeon
  4625 | D:5      | Reached skill level 8 in Conjurations
  4670 | D:5      | Reached XP level 7. HP: 36/36 MP: 18/18
  4778 | D:5      | Found a hazy altar of Hepliaklqana.
  4897 | D:5      | Found a burning altar of Makhleb.
  4898 | D:5      | Found a shimmering altar of Xom.
  4977 | D:5      | Found Ilybeuh's Antique Weapon Shop.
  5138 | D:5      | Found a blossoming altar of Fedhas.
  5208 | D:5      | Found a bloodstained altar of Trog.
  5335 | D:6      | Found a shadowy altar of Dithmenos.
  5425 | D:6      | Reached skill level 9 in Conjurations
  5488 | D:6      | Found a stormy altar of Qazlal.
  5666 | D:6      | Reached XP level 8. HP: 41/41 MP: 21/21
  5844 | D:6      | Reached skill level 10 in Conjurations
  6390 | D:7      | Found Jepsuwet's Armour Emporium.
  6587 | D:7      | Found a staircase to the Ecumenical Temple.
  6612 | Temple   | Entered the Ecumenical Temple
  6775 | Temple   | Became a worshipper of Vehumet
  6829 | D:7      | Noticed a hippogriff
  6838 | D:7      | Killed a hippogriff
  6838 | D:7      | Reached skill level 11 in Conjurations
  6873 | D:7      | Reached XP level 9. HP: 29/45 MP: 21/24
  7120 | D:7      | Found a glowing golden altar of the Shining One.
  7148 | D:7      | Found a deep blue altar of Sif Muna.
  7733 | D:8      | Found a glowing golden altar of the Shining One.
  7987 | D:8      | Reached * piety under Vehumet
  7987 | D:8      | Offered knowledge of Sting by Vehumet.
  8543 | D:8      | Reached skill level 10 in Spellcasting
  8543 | D:8      | Reached skill level 12 in Conjurations
  8899 | D:9      | Reached skill level 5 in Dodging
  9016 | D:9      | Noticed a queen bee
  9370 | D:9      | HP: 2/45 [killer bee (8)]
  9371 | D:9      | Mangled by a killer bee

Skill      XL: |  1  2  3  4  5  6  7  8  9 |
---------------+----------------------------+-----
Conjurations   | 5 6 7 8 9 11 12 | 12.0
Spellcasting   | 4 5 6 7 9 11 | 11.1
Dodging        | 6 |  6.2
Stealth        | |  2.4

Action                   |  1- 3 |  4- 6 |  7- 9 || total
-------------------------+-------+-------+-------++-------
Melee: Unarmed           |    12 |     1 |       ||    13
 Cast: Magic Dart        |    71 |   127 |    90 ||   288
       Searing Ray       |     6 |    21 |    81 ||   108
  Use: Scroll            |       |     4 |     4 ||     8
       Potion            |       |       |     2 ||     2
  Eat: Chunk             |     2 |     6 |    14 ||    22
       Ration            |       |     1 |       ||     1
Armor: Robe              |     6 |     8 |     9 ||    23
Dodge: Dodged            |    29 |    21 |   113 ||   163
